 Dungeon Crawl Stone Soup version 0.30-a0-1042-gacf32f4bd3 (webtiles) character file.

Game seed: 10696564464383296956

497 MacCMillion the Shooter (level 6, -11/48 HPs)
             Began as a Demigod Hunter on Apr 9, 2023.
             Mangled by a bog mummy (16 damage)
             ... in an ossuary.
             The game lasted 00:06:08 (3123 turns).

MacCMillion the Shooter (Demigod Hunter)            Turns: 3123, Time: 00:06:09

Health: -11/48     AC:  4    Str: 12    XL:     6   Next: 61%
Magic:  8/8        EV: 12    Int: 11    God:
Gold:   253        SH:  0    Dex: 25    Spells: 5/5 levels left

rFire   . . .      SeeInvis +    a - +0 shortbow
rCold   . . .      Faith    .    (shield currently unavailable)
rNeg    . . .      Spirit   .    c - +0 leather armour
rPois   .          Reflect  .    (no helmet)
rElec   .          Rampage  .    (no cloak)
rCorr   .                        s - +0 pair of gloves
Will    .....                    (no boots)
Stlth   ++                       (no amulet)
HPRegen 0.28/turn                p - ring of see invisible
MPRegen 0.11/turn                (no ring)

@: no status effects
A: high MP 1, forlorn, divine attributes
a: no special abilities


You were in an ossuary.
You visited 1 branch of the dungeon, and saw 4 of its levels.
You also visited: Ossuary.

You collected 253 gold pieces.

Inventory:

Hand Weapons
 a - a +0 shortbow (weapon)
Armour
 c - a +0 leather armour (worn)
 s - a +0 pair of gloves (worn)
Jewellery
 p - a ring of see invisible (left hand)
Wands
 r - a wand of charming (5)
Scrolls
 b - 2 scrolls of immolation
 d - a scroll of fear {unknown}
 e - 2 scrolls of enchant armour {unknown}
 h - a scroll of teleportation {unknown}
 i - 4 scrolls of identify {unknown}
 o - a scroll of silence {unknown}
Potions
 f - a potion of attraction {unknown}
 g - 3 potions of brilliance {unknown}
 j - 2 potions of heal wounds {unknown}
 k - a potion of invisibility {unknown}
 l - 2 potions of ambrosia {unknown}
 m - 3 potions of might {unknown}
 n - a potion of degeneration {unknown}
 q - a potion of magic {unknown}


   Skills:
 - Level 1.7 Fighting
 + Level 7.4 Ranged Weapons
 - Level 1.7 Dodging
 - Level 2.0 Stealth


You had 5 spell levels left.
You didn't know any spells.
Your spell library contained the following spells:

 Spells                   Type           Power      Damage    Failure   Level
 Magic Dart               Conj           0%         1d3       41%         1
 Searing Ray              Conj           0%         2d4       56%         2
 Fulminant Prism          Conj/Hex       0%         3d5       99%         4


Dungeon Overview and Level Annotations

Branches:
Dungeon (4/15)            Ossuary (1/1)
 Temple: D:4-7


Innate Abilities, Weirdness & Mutations

You have an increased reservoir of magic. (+10% MP)
You shall have no god before yourself.
Your divine heritage dramatically boosts your attributes as you level up.


Message History

You start resting.
A bog mummy opens the door.
You are too injured to fight recklessly!
Fire: a) +0 shortbow
Press: ? - help, Q - select action, (/) - cycle Shift-Dir - straight line, f - mummy
Aim: a mummy (wandering, hasn't noticed you, 79% to hit)
You shoot an arrow. The arrow barely misses the mummy.
The bog mummy moves out of view.
Fire: a) +0 shortbow
Press: ? - help, Q - select action, (/) - cycle Shift-Dir - straight line, f/p - mummy
Aim: a mummy (79% to hit)
You shoot an arrow. The arrow hits the mummy.
The mummy is lightly damaged.
Fire: a) +0 shortbow
Press: ? - help, Q - select action, (/) - cycle Shift-Dir - straight line, f/p - mummy
Aim: a mummy (lightly damaged, 79% to hit)
You shoot an arrow. The arrow hits the mummy!
The mummy is heavily damaged.
The mummy barely misses you.
Fire: a) +0 shortbow
Press: ? - help, Q - select action, (/) - cycle Shift-Dir - straight line, f/p - mummy
Aim: a mummy (heavily damaged, 79% to hit)
You shoot an arrow. The arrow hits the mummy.
The mummy is heavily damaged.
The mummy hits you.
* * * LOW HITPOINT WARNING * * *
Fire: a) +0 shortbow
Press: ? - help, Q - select action, (/) - cycle Shift-Dir - straight line, f/p - mummy
Aim: a mummy (heavily damaged, 79% to hit)
You shoot an arrow. The arrow barely misses the mummy.
A mummy comes into view.
The mummy hits you!
* * * LOW HITPOINT WARNING * * *
Fire: a) +0 shortbow
Press: ? - help, Q - select action, (/) - cycle Shift-Dir - straight line, f/p - mummy
Aim: a mummy (heavily damaged, 79% to hit)
You shoot an arrow. The arrow hits the mummy!
You destroy the mummy!
The bog mummy hits you!
You die...

#####
#..∩#
#.∩.#
#..@#
##M##
..M.
+#+#'#
.# ##


You could see a mummy and a bog mummy.

Vanquished Creatures
  A sky beast (D:4)
  A howler monkey (D:4)
  3 bullfrog zombies (Ossuary)
  A human zombie (D:4)
  A centaur zombie (Ossuary)
  5 mummies (Ossuary)
  5 adders
  A worm zombie (D:4)
  A worm (D:4)
  3 dart slugs
  5 orcs
  8 ball pythons
  7 bats
  7 endoplasms
  4 giant cockroaches
  6 goblins
  12 hobgoblins
  2 jackals (D:3)
  7 kobolds
  8 quokkas
  3 frilled lizards
  An orc zombie (D:4)
  6 rats
98 creatures vanquished.

Vanquished Creatures (others)
  3 fungi
  4 withered plants (Ossuary)
7 creatures vanquished.

Grand Total: 105 creatures vanquished

Notes
Turn   | Place    | Note
-------+----------+-------------------------------------------
     0 | D:1      | MacCMillion the Demigod Hunter began the quest for the Orb.
     0 | D:1      | Reached XP level 1. HP: 17/17 MP: 3/3
    11 | D:1      | You fall into a shaft and drop 1 floor!
    18 | D:2      | Reached skill level 1 in Stealth
   158 | D:2      | Reached XP level 2. HP: 24/24 MP: 4/4
   213 | D:2      | Reached skill level 4 in Ranged Weapons
   428 | D:1      | Reached XP level 3. HP: 29/29 MP: 5/5
  1646 | D:3      | Reached XP level 4. HP: 29/36 MP: 6/6
  1750 | D:3      | Reached skill level 5 in Ranged Weapons
  2483 | D:4      | Reached XP level 5. HP: 40/41 MP: 7/7
  2653 | D:4      | Noticed a sky beast
  2661 | D:4      | Killed a sky beast
  2662 | D:4      | Reached skill level 6 in Ranged Weapons
  2934 | D:4      | Reached XP level 6. HP: 32/48 MP: 8/8
  2994 | D:4      | Found a sand-covered staircase.
  3019 | Ossuary  | Entered an ossuary
  3053 | Ossuary  | Reached skill level 7 in Ranged Weapons
  3123 | Ossuary  | Mangled by a bog mummy

Illustrated notes

Levels and vault maps discovered:
D:1:      minmay_arrival_loop, layout_loops_corners,
          shapermc_ecumenical_altar_mp_ritualfount,
          hangedman_abyss_or_decor_stabs
D:2:      layout_basic, minmay_tree_intersection
D:3:      layout_rooms, grunt_ministairs_14
D:4:      layout_loops_ring, mainiacjoe_overflow_chevrons, enter_ossuary_3,
          minmay_cupped
Ossuary:  ossuary_zaba_flooded

Skill      XL: |  1  2  3  4  5  6 |
---------------+-------------------+-----
Stealth        | 1 2 |  2.0
Ranged Weapons | 4 5 6 7 |  7.4
Fighting       | |  1.7
Dodging        | |  1.7

Action                     |  1- 3 |  4- 6 || total
---------------------------+-------+-------++-------
   Fire: Shortbow          |   141 |   180 ||   321
 Armour: Leather armour    |    17 |    30 ||    47
  Dodge: Dodged            |    52 |    77 ||   129

Table legend: (Time is in decaauts)
 A = Elapsed time spent in this place.
 B = Non-inter-level travel time spent in this place.
 C = Inter-level travel time spent in this place.
 D = Time resting spent in this place.
 E = Time spent auto-exploring this place.
 F = Levels seen in this place.
 G = Mean time per level.
                   A        B        C        D        E       F      G
               +--------+--------+--------+--------+--------+-----+--------+
         Total |   3210 |   3005 |    205 |    512 |   1883 |   5 |  642.0 |
       Dungeon |   3096 |   2891 |    205 |    471 |   1881 |   4 |  774.0 |
       Ossuary |    114 |    114 |      0 |     41 |      2 |   1 |  114.0 |
               +--------+--------+--------+--------+--------+-----+--------+

Top non-repeatable levels by time:
     D:1: 886 daAuts
     D:3: 861 daAuts
     D:2: 726 daAuts
     D:4: 622 daAuts
 Ossuary: 114 daAuts
